 Dungeon Crawl Stone Soup version 0.29-a0-962-gc8bbfd0a37 (webtiles) character file.

Game seed: 18265254035371997762

226 Sabo the Conjurer (level 5, -8/36 HPs)
             Began as a Demonspawn Conjurer on July 30, 2022.
             Mangled by an orc warrior
             ... wielding a +0 war axe
              (12 damage)
             ... on level 4 of the Dungeon.
             The game lasted 00:30:20 (7535 turns).

Sabo the Conjurer (Demonspawn Conjurer)             Turns: 7535, Time: 00:30:21

Health: -8/36      AC: 11    Str:  8    XL:     5   Next: 69%
Magic:  1/9        EV: 12    Int: 21    God:
Gold:   128        SH:  0    Dex: 11    Spells: 3/9 levels left

rFire   + . .      SeeInvis .   c - +0 hand axe
rCold   + . .      Faith    .   (no shield)
rNeg    . . .      Spirit   .   a - +0 robe
rPois   .          Reflect  .   (no helmet)
rElec   .          Harm     .   m - scarf {rC+ rF+}
rCorr   .          Rampage  .   (no gloves)
Will    .....                   (no boots)
Stlth   ++........              (no amulet)
HPRegen 0.12/turn               (no ring)
MPRegen 0.11/turn               (no ring)

@: sanguine armoured
A: sanguine armour 2, weakness stinger 2
a: no special abilities


You were on level 4 of the Dungeon.
You visited 1 branch of the dungeon, and saw 4 of its levels.

You collected 170 gold pieces.
You spent 42 gold pieces at shops.

Inventory:

Hand Weapons
 c - a +0 hand axe (weapon)
 r - a +4 falchion of holy wrath
Armour
 a - a +0 robe (worn)
 m - a scarf of resistance (worn)
Wands
 h - a wand of charming (5)
Scrolls
 d - a scroll of brand weapon {unknown}
 e - a scroll of fog
 j - a scroll of magic mapping
 k - a scroll of fear
 n - a scroll of noise {unknown}
 s - a scroll of teleportation {unknown}
Potions
 b - a potion of magic
 f - 4 potions of curing
 g - a potion of invisibility {unknown}
 i - a potion of degeneration {unknown}
 l - 2 potions of lignification {unknown}
 o - 2 potions of berserk rage {unknown}
 p - a potion of cancellation {unknown}
 q - a potion of might {unknown}


   Skills:
 + Level 0.3 Fighting
 + Level 1.5 Axes
 + Level 2.3 Dodging
 + Level 2.0 Stealth
 + Level 2.7 Spellcasting
 + Level 5.9 Conjurations


You had 3 spell levels left.
You knew the following spells:

 Your Spells              Type           Power      Damage    Failure   Level
a - Magic Dart            Conj           100%       1d8       1%          1
b - Searing Ray           Conj           56%        2d6       1%          2
c - Dazzling Flash        Conj/Hex       30%        N/A       12%         3

Your spell library contained the following spells:

 Spells                   Type           Power      Damage    Failure   Level
 Ensorcelled Hibernation  Hex/Ice        4%         N/A       21%         2
 Spider Form              Tmut/Pois      2%         N/A       38%         3
 Fulminant Prism          Conj/Hex       7%         3d7       36%         4
 Iskenderun's Mystic Bla  Conj/Tloc      15%        2d5       36%         4
 Anguish                  Hex/Necr       1%         N/A       80%         4
 Agony                    Necr           2%         N/A       98%         5
 Silence                  Hex/Air        1%         N/A       98%         5


Dungeon Overview and Level Annotations

Branches:
Dungeon (4/15)
 Temple: D:4-7

Altars:

Shops:
D:3 !*[

Annotations:
D:3 2 transporters, ptdevnull's ghost, amateur DjGl


Innate Abilities, Weirdness & Mutations

When seriously injured, your blood forms thick armour. (AC +9)
You have a tail ending in a sharp stinger.


Message History

The searing ray hits the orc warrior!
The orc warrior is moderately wounded. (Press . to maintain the ray.)
The searing ray hits the orc warrior.
The orc warrior is moderately wounded.
The searing ray hits the orc warrior!
The orc warrior is severely wounded.
The searing ray hits the orc warrior but does no damage.
The orc warrior is severely wounded.
You finish channelling your searing ray.
The orc warrior hits you with a +0 war axe!
The orc warrior hits you with a +0 war axe.
Your blood congeals into armour.
The orc warrior hits you with a +0 war axe.
Casting: Searing Ray (safe; 1% risk of failure)
Confirm with . or Enter, or press ? or * to list all spells.
Aiming: Searing Ray (safe; 1% risk of failure)
Press: ? - help, Shift-Dir - straight line, f/p - orc warrior
Aim: an orc warrior, wielding a +0 war axe and wearing a +0 plate armour (severely wounded, 79% to hit)
The searing ray hits the orc warrior but does no damage.
The orc warrior is severely wounded. (Press . to maintain the ray.)
The orc warrior hits you with a +0 war axe.
The searing ray hits the orc warrior but does no damage.
The orc warrior is severely wounded.
The orc warrior closely misses you.
The searing ray misses the orc warrior.
The orc warrior hits you with a +0 war axe!
* * * LOW HITPOINT WARNING * * *
You hit the orc warrior.
You tail-slap the orc warrior, but do no damage.
The orc warrior is almost dead.
The orc warrior hits you with a +0 war axe.
* * * LOW HITPOINT WARNING * * *
You hit the orc warrior but do no damage.
You tail-slap the orc warrior, but do no damage.
The orc warrior is almost dead.
The orc warrior barely misses you.
The orc warrior hits you with a +0 war axe!
You die...

#.###.....## #...# #.#
#.##.......## ##.### #####.#
#.#.........####...########......
..'....)....'....................
#.#..)......####...########.##...
...........## #..## #.##...
..........## #.## #.##...
..>..#...## #.# #.##...
.....##'## #@# #...... ..... #.#
#o# #####.# ..... #.# #.# #.#
..... .. #.# #.# #.# #.# ..# ###


You could see an orc warrior.

Vanquished Creatures
  A jelly (D:4)
  Natasha (thrice) (D:3)
  An iguana (D:4)
  2 adders (D:3)
  An ufetubus (D:2)
  3 worms
  3 dart slugs
  2 orcs (D:4)
  4 ball pythons
  3 endoplasms
  2 giant cockroaches
  4 goblins
  7 hobgoblins
  4 jackals (D:1)
  6 kobolds
  2 quokkas (D:1)
  6 bats
  2 frilled lizards (D:2)
  3 rats
59 creatures vanquished.

Notes
Turn   | Place    | Note
-------+----------+-------------------------------------------
     0 | D:1      | Sabo the Demonspawn Conjurer began the quest for the Orb.
     0 | D:1      | Reached XP level 1. HP: 13/13 MP: 3/3
   569 | D:1      | Gained mutation: You have a small tail. [demonic ancestry]
   569 | D:1      | Reached XP level 2. HP: 19/19 MP: 1/5
  2117 | D:1      | Gained mutation: You have a tail ending in a sharp stinger.
                  | [demonic ancestry]
  2117 | D:1      | Reached XP level 3. HP: 24/24 MP: 4/6
  2205 | D:1      | Upgraded the game from 0.29-a0-925-g0a7a3d12f8 to
                  | 0.29-a0-962-gc8bbfd0a37
  2498 | D:2      | Reached skill level 5 in Conjurations
  4542 | D:2      | Gained mutation: When seriously injured, your blood forms
                  | armour. (AC +9) [demonic ancestry]
  4542 | D:2      | Reached XP level 4. HP: 30/30 MP: 5/7
  5085 | D:3      | Found Xeuhea's Armour Shop.
  5089 | D:3      | Found a transporter.
  5098 | D:3      | Noticed a small abomination
  5104 | D:3      | Noticed ptdevnull's ghost (amateur DjGl)
  5147 | D:3      | Found a transporter.
  5283 | D:3      | Learned a level 2 spell: Searing Ray
  5287 | D:3      | Learned a level 3 spell: Dazzling Flash
  5525 | D:3      | Found Unoaj's Distillery.
  5529 | D:3      | Bought a potion of curing for 42 gold pieces
  5542 | D:3      | Noticed Natasha
  5552 | D:3      | Killed Natasha
  5776 | D:3      | Found Hirelies's General Store.
  5805 | D:3      | Noticed Natasha
  5811 | D:3      | Killed Natasha
  5976 | D:3      | Gained mutation: When seriously injured, your blood forms
                  | thick armour. (AC +9) [demonic ancestry]
  5976 | D:3      | Reached XP level 5. HP: 36/36 MP: 4/9
  6344 | D:3      | Noticed Natasha
  6351 | D:3      | Killed Natasha
  6691 | D:4      | Reached skill level 1 in Axes
  7520 | D:4      | Noticed an orc warrior
  7535 | D:4      | Mangled by an orc warrior

Illustrated notes

Levels and vault maps discovered:
D:1:      saegor_arrival_simple_e, layout_loops_ring
D:2:      layout_basic, st_stairs_6, wander_ebering_terrifying_dragon_lair
D:3:      layout_rooms, serial_shops, shop, nicolae_shop_crystal,
          nicolae_shop_trees, gammafunk_ghost_abyssal_escape, uniq_natasha
D:4:      layout_loops_corners, serial_park_tiny_2

Skill      XL: |  1  2  3  4  5 |
---------------+----------------+-----
Conjurations   | 5 |  5.9
Stealth        | 2 |  2.0
Axes           | 1 |  1.5
Dodging        | 2 |  2.3
Fighting       | |  0.3
Spellcasting   | |  2.7

Action                   |  1- 3 |  4- 6 || total
-------------------------+-------+-------++-------
Melee: Hand axe          |    43 |     6 ||    49
       Tailslap          |     7 |     3 ||    10
       Punch             |     1 |       ||     1
 Cast: Magic Dart        |    94 |     9 ||   103
       Searing Ray       |       |    14 ||    14
  Use: Scroll            |       |     4 ||     4
Armor: Robe              |    10 |     2 ||    12
Dodge: Dodged            |    35 |     9 ||    44
Block: Kite shield       |     2 |       ||     2

Table legend: (Time is in decaauts)
 A = Elapsed time spent in this place.
 B = Non-inter-level travel time spent in this place.
 C = Inter-level travel time spent in this place.
 D = Time resting spent in this place.
 E = Time spent auto-exploring this place.
 F = Levels seen in this place.
 G = Mean time per level.
                   A        B        C        D        E       F      G
               +--------+--------+--------+--------+--------+-----+--------+
         Total |   7560 |   7560 |      0 |   4448 |      0 |   4 | 1890.0 |
       Dungeon |   7560 |   7560 |      0 |   4448 |      0 |   4 | 1890.0 |
               +--------+--------+--------+--------+--------+-----+--------+

Top non-repeatable levels by time:
     D:2: 2586 daAuts
     D:1: 2490 daAuts
     D:3: 1554 daAuts
     D:4: 928 daAuts
